 Dungeon Crawl Stone Soup version 0.28.0 (webtiles) character file.

Game seed: 2946500752076673577

23 Gabide the Skirmisher (level 2, -3/24 HPs)
             Began as a Mummy Fighter on Feb 9, 2022.
             Slain by a gnoll (7 damage)
             ... on level 1 of the Dungeon on Feb 10, 2022.
             The game lasted 00:01:18 (438 turns).

Gabide the Skirmisher (Mummy Fighter)                Turns: 438, Time: 00:01:19

Health: -3/24      AC:  6    Str: 19    XL:     2   Next: 75%
Magic:  2/2        EV:  9    Int:  7    God:
Gold:   25         SH:  4    Dex: 11    Spells: 1/1 levels left

rFire   x . .      SeeInvis .   a - +0 flail
rCold   + . .      Faith    .   c - +0 buckler
rNeg    + + +      Spirit   .   b - +0 scale mail
rPois   ∞          Reflect  .   (no helmet)
rElec   .          Harm     .   (no cloak)
rCorr   .          Rampage  .   (no gloves)
Will    .....                   (no boots)
Stlth   ..........              (no amulet)
HPRegen 0.08/turn               (no ring)
MPRegen 0.08/turn               (no ring)

@: no status effects
A: cold resistance 1, negative energy resistance 3, torment resistance 2, heat
vulnerability 1, no potions
a: no special abilities


You were on level 1 of the Dungeon.
You visited 1 branch of the dungeon, and saw 2 of its levels.

You collected 25 gold pieces.

Inventory:

Hand Weapons
 a - a +0 flail (weapon)
Armour
 b - a +0 scale mail (worn)
 c - a +0 buckler (worn)
Scrolls
 d - a scroll of silence {unknown}


   Skills:
 + Level 3.2 Fighting
 + Level 1.8 Maces & Flails
 + Level 2.8 Armour
 + Level 2.6 Shields


You had one spell level left.
You didn't know any spells.
Your spell library was empty.

Dungeon Overview and Level Annotations

Branches:
Dungeon (2/15)

Altars:


Innate Abilities, Weirdness & Mutations

You are immune to poison.
Your flesh is cold resistant. (rC+)
You are immune to negative energy. (rN+++)
You are immune to unholy pain and torment.
You are vulnerable to heat. (rF-)
You do not drink.


Message History

The hobgoblin is severely wounded.
The kobold barely misses you.
The hobgoblin hits you but does no damage.
The giant cockroach barely misses you. You block the kobold's attack.
The hobgoblin closely misses you.
You sock the hobgoblin!
You kill the hobgoblin!
The giant cockroach barely misses you.
The giant cockroach bites you but does no damage.
The kobold hits you with a +0 short sword.
The gnoll closely misses you.
You barely miss the gnoll.
The giant cockroach bites you but does no damage.
You block the kobold's attack. The gnoll hits you but does no damage.
The giant cockroach closely misses you.
You closely miss the gnoll.
The kobold hits you with a +0 short sword.
The giant cockroach bites you but does no damage.
The gnoll closely misses you. You block the kobold's attack.
You hit the gnoll but do no damage. The giant cockroach barely misses you.
The gnoll hits you with a +0 flail!
* * * LOW HITPOINT WARNING * * *
The kobold hits you with a +0 short sword.
* * * LOW HITPOINT WARNING * * *
The giant cockroach bites you but does no damage.
You block the gnoll's attack. The giant cockroach closely misses you.
You hit the kobold.
The kobold is moderately wounded.
The kobold hits you with a +0 short sword.
* * * LOW HITPOINT WARNING * * *
You block the kobold's attack.
You closely miss the kobold. The kobold barely misses you.
You thump the kobold!
You kill the kobold!
The gnoll barely misses you.
You hit the gnoll.
The gnoll is heavily wounded.
The gnoll hits you with a +0 flail!
You die...

#....#..........
.................
.................
............... ............#
...........# #....#...## ###
#......#######...#
#.###..###Bg@..#
#.##..####....g#####
..............## ########
#..........#.## ##[.....##
.......#####..#####........##
...... ##...##.........>#
...... ###.##.......>..# ###
...... #.............###.#
...... ###>..........##..#


You could see a gnoll, a giant cockroach and a goblin.

Vanquished Creatures
  2 dart slugs
  3 bats
  2 endoplasms
  A giant cockroach (D:1)
  A goblin (D:1)
  A hobgoblin (D:1)
  3 ball pythons (D:1)
  3 kobolds (D:1)
  3 rats
19 creatures vanquished.

Notes
Turn   | Place    | Note
-------+----------+-------------------------------------------
     0 | D:1      | Gabide the Mummy Fighter began the quest for the Orb.
     0 | D:1      | Reached XP level 1. HP: 18/18 MP: 1/1
   117 | D:1      | Reached XP level 2. HP: 17/24 MP: 2/2
   208 | D:1      | You fall into a shaft and drop 1 floor!
   438 | D:1      | Slain by a gnoll

Illustrated notes

Levels and vault maps discovered:
D:1:      wander_arrival_fairy_ring, layout_rooms, serial_forest,
          infiniplex_forest_clump_small, infiniplex_forest_pool,
          infiniplex_forest_zigzag_2, infiniplex_forest_lined_3,
          chequers_ecumenical_altar_lobes, serial_park_tiny_1, minmay_cut_off
D:2:      wad_river_or_something, layout_basic, minmay_randomly_rotated_circles

Action                   || total
-------------------------++-------
Melee: Flail             ||    69
Armor: Scale mail        ||    33
Dodge: Dodged            ||    44
Block: Buckler           ||    19
